 Dungeon Crawl Stone Soup version 0.31-a0-331-geda263fcf1 (webtiles) character file.

Game seed: 4603983595846701024

1376 Monkooky the Vexing (level 8, -3/36 (37) HPs)
             Began as a Spriggan Artificer on July 19, 2023.
             Was a Believer of Lugonu.
             Slain by an orc wizard
             ... wielding a +0 dagger
              (4 damage)
             ... on level 7 of the Dungeon.
             The game lasted 00:25:01 (4539 turns).

Monkooky the Vexing (Spriggan Artificer)            Turns: 4539, Time: 00:25:01

HP:   -3/36 (37)    AC:  6    Str:  8    XL:     8   Next: 39%
MP:   18/18         EV: 17    Int: 15    God:    Lugonu [**....]
Gold: 183           SH:  0    Dex: 15    Spells: 11/19 levels left

rFire   . . .        t - +5 hand axe "Umank" {flame, Will+ rCorr}
rCold   . . .        (no shield)
rNeg    + . .        b - +1 robe
rPois   .            (helmet restricted)
rElec   .            w - +2 cloak
rCorr   +            (gloves unavailable)
SInv    +            (boots unavailable)
Will    ++...        A - amulet of regeneration
Stlth   ++           h - ring of positive energy
HPRegen 0.26/turn    y - ring of resist corrosion
MPRegen 0.16/turn

%: no passive effects
@: lightly drained, very quick
A: very small, no large weapons, unfitting armour, see invisible, speed 3
a: Renounce Religion, Depart the Abyss, Banish


You were on level 7 of the Dungeon.
You worshipped Lugonu.
Lugonu was pleased with you.
You visited 1 branch of the dungeon, and saw 7 of its levels.

You collected 183 gold pieces.

Inventory:

Hand Weapons
 a - a +0 club
 i - a +0 whip
 p - a +4 falchion of holy wrath
 t - the +5 hand axe "Umank" (weapon) {flame, Will+ rCorr}
   (You found it on level 3 of the Dungeon)

   rCorr:     It protects you from acid and corrosion.
   Will:      It increases your willpower.
 v - a +4 quarterstaff of chaos
Missiles
 o - 9 poisoned darts
Armour
 b - a +1 robe (worn)
 w - a +2 cloak (worn)
Magical Staves
 l - a staff of poison
Jewellery
 h - a ring of positive energy (left hand)
 y - a ring of resist corrosion (right hand)
 A - an amulet of regeneration (around neck)
Wands
 c - a wand of flame (3) (quivered)
 d - a wand of charming (15)
 e - a wand of iceblast (3)
Scrolls
 g - 2 scrolls of identify {unknown}
 k - 2 scrolls of teleportation
 q - a scroll of fear {unknown}
 r - a scroll of revelation {unknown}
 u - 2 scrolls of enchant weapon {unknown}
 x - a scroll of amnesia {unknown}
Potions
 f - a potion of brilliance {unknown}
 j - 2 potions of might {unknown}
 m - 4 potions of curing {unknown}
 n - a potion of resistance {unknown}
 s - a potion of enlightenment {unknown}
 z - 2 potions of haste {unknown}


   Skills:
 - Level 0.7 Fighting
 - Level 3.2 Dodging
 - Level 1.5 Stealth
 + Level 6.3 Spellcasting
 + Level 1.8 Conjurations
 + Level 7.7 Hexes
 - Level 2.0 Summonings
 * Level 4.8 Transmutations
 - Level 4.5 Evocations


You had 11 spell levels left.
You knew the following spells:

 Your Spells              Type           Power      Damage    Failure   Level
a - Summon Guardian Gole  Hex/Summ       19%        N/A       6%          3
b - Irradiate             Conj/Tmut      7%         3d14      69%         5

Your spell library contained the following spells:

 Spells                   Type           Power      Damage    Failure   Level
 Momentum Strike          Conj/Tloc      14%        3d8       14%         2
 Blink                    Tloc           8%         N/A       22%         2
 Lesser Beckoning         Tloc           8%         N/A       22%         2
 Sublimation of Blood     Necr           4%         N/A       22%         2
 Gell's Gravitas          Tloc           4%         N/A       41%         3
 Teleport Other           Tloc           4%         N/A       41%         3
 Petrify                  Tmut/Erth      12%        N/A       45%         4
 Orb of Destruction       Conj           5%         9d5       100%        7
 Spellforged Servitor     Conj/Summ      5%         N/A       100%        7


Dungeon Overview and Level Annotations

Branches:
Dungeon (8/15)             Temple (0/1) D:5
   Lair: D:8-11

Altars:
Dithmenos
Fedhas
Hepliaklqana
Trog
Lugonu

Shops:
D:1 ?:   D:3 (*=[   D:4 =   D:5 =


Innate Abilities, Weirdness & Mutations

You are very small and have problems with some larger weapons.
You are too small for most types of armour.
You have supernaturally acute eyesight. (SInv)
You cover ground extremely quickly. (Speed+++)


Message History

You hit the orc wizard. You burn the orc wizard.
The orc wizard is severely wounded.
The orc wizard hits you but does no damage.
You closely miss the orc wizard. The orc wizard misses you.
You hit the orc wizard. You burn the orc wizard.
The orc wizard is heavily wounded.
The orc wizard casts a spell.
The orc wizard flickers and vanishes for a moment.
The orc wizard misses you.
You hit the orc wizard. You burn the orc wizard.
The orc wizard is severely wounded.
The orc wizard hits you with a +0 dagger.
The wight hits you but does no damage.
The orc wizard hits you but does no damage.
You closely miss the orc wizard.
The orc wizard is severely wounded.
You hit the wight. You burn the wight.
The orc wizard gestures at you while chanting.
The puff of flame hits you!
* * * LOW HITPOINT WARNING * * *
The wight hits you but does no damage.
You hit the wight but do no damage.
The wight is moderately damaged.
You hit the orc wizard. You burn the orc wizard.
The orc wizard closely misses you. The wight barely misses you.
You hit the wight but do no damage.
The wight is moderately damaged.
You hit the orc wizard but do no damage.
The orc wizard hits you with a +0 dagger.
* * * LOW HITPOINT WARNING * * *
The wight hits you with a +0 dagger.
* * * LOW HITPOINT WARNING * * *
You partially resist.
You feel drained.
* * * LOW HITPOINT WARNING * * *
You hit the wight. You burn the wight.
The wight is moderately damaged.
You hit the orc wizard. You burn the orc wizard.
The wight completely misses you. The orc wizard completely misses you.
The orc wizard hits you with a +0 dagger.
You die...

#.........#
#.....)...#
#.........#
#.........####
#........)...#
#........)##.# #
#.###....###.###
#o###.# ######
#.>.. #oo@z.#
#.... #######
#######....
#..........
#..........
#........##
#........##
#..........
#.......)..
#..........


You could see a wight, 2 orc wizards and an orc.

Vanquished Creatures
  A wraith (D:7)
  A water moccasin (D:7)
  A scorpion (D:4)
  A jelly (D:4)
  5 orc priests
  2 hounds
  3 orc wizards (D:5)
  Natasha (thrice) (D:3)
  A nameless horror (D:3)
  5 gnolls
  5 adders
  6 dart slugs
  17 orcs
  7 ball pythons
  6 endoplasms
  2 giant cockroaches (D:3)
  2 goblins
  9 hobgoblins
  6 jackals
  A quokka (D:1)
  3 bats
  6 frilled lizards
  9 kobolds
  7 rats
109 creatures vanquished.

Vanquished Creatures (others)
  An orc warrior (D:7)
  An ogre (D:5)
  A gnoll sergeant (D:3)
  A wight (D:7)
  Crazy Yiuf (D:4)
  A sleepcap (D:5)
  Terence (D:3)
  2 iguanas
  5 gnolls
  2 worms (D:2)
  An orc (D:5)
  A quokka (D:4)
18 creatures vanquished.

Grand Total: 127 creatures vanquished

Notes
Turn   | Place    | Note
-------+----------+-------------------------------------------
     0 | D:1      | Monkooky the Spriggan Artificer began the quest for the
                  | Orb.
     0 | D:1      | Reached XP level 1. HP: 9/9 MP: 2/2
    84 | D:1      | Found Duziwati's Book Shop.
   138 | D:1      | Reached skill level 1 in Spellcasting
   160 | D:1      | Reached XP level 2. HP: 10/14 MP: 4/4
   538 | D:1      | Reached skill level 1 in Hexes
   615 | D:1      | Reached XP level 3. HP: 13/17 MP: 7/7
   658 | D:1      | Learned a level 3 spell: Summon Guardian Golem
   792 | D:1      | Found Weporif's Magic Scroll Boutique.
   911 | D:2      | Reached skill level 2 in Hexes
   936 | D:2      | Reached XP level 4. HP: 17/21 MP: 5/9
  1209 | D:2      | Reached skill level 1 in Summonings
  1354 | D:2      | Reached skill level 3 in Hexes
  1961 | D:3      | Reached XP level 5. HP: 20/25 MP: 10/10
  2046 | D:3      | Found a faded altar of an unknown god.
  2051 | D:3      | Noticed Natasha
  2133 | D:3      | Killed Natasha
  2190 | D:3      | Prayed at the altar of an unknown god.
  2190 | D:3      | Became a worshipper of Lugonu the Unformed
  2190 | D:3      | Reached * piety under Lugonu
  2266 | D:3      | Noticed Natasha
  2267 | D:3      | Killed Natasha
  2296 | D:3      | Found Iceoriqi's Armour Emporium.
  2336 | D:3      | Found Ezxeg's Jewellery Shoppe.
  2427 | D:3      | Reached skill level 4 in Hexes
  2451 | D:3      | Found Qyunwinihi's Antique Weapon Boutique.
  2488 | D:3      | Noticed Terence
  2499 | D:3      | Killed Terence
  2522 | D:3      | Reached XP level 6. HP: 29/29 MP: 5/13
  2575 | D:3      | Noticed Natasha
  2582 | D:3      | Killed Natasha
  2644 | D:3      | Identified the +5 hand axe "Umank" {flame, Will+ rCorr}
  2672 | D:3      | Found Tuodes's General Store.
  2921 | D:4      | Reached skill level 5 in Hexes
  3018 | D:4      | Found a runed translucent door.
  3019 | D:4      | Noticed Crazy Yiuf
  3037 | D:4      | Killed Crazy Yiuf
  3262 | D:4      | Reached skill level 6 in Hexes
  3262 | D:4      | Reached XP level 7. HP: 31/32 MP: 15/15
  3288 | D:4      | Reached ** piety under Lugonu
  3369 | D:4      | Found Lialenako's Jewellery Shoppe.
  3718 | D:5      | Entered Level 5 of the Dungeon
  3718 | D:5      | Found a hazy altar of Hepliaklqana.
  3735 | D:5      | Found a staircase to the Ecumenical Temple.
  3792 | D:5      | Reached skill level 5 in Spellcasting
  3818 | D:5      | Learned a level 5 spell: Irradiate
  3903 | D:5      | HP: 1/32 [orc priest/divine providence (14)]
  3966 | D:5      | Found Heur's Jewellery Shoppe.
  4031 | D:5      | Found a blossoming altar of Fedhas.
  4031 | D:5      | Found a bloodstained altar of Trog.
  4045 | D:5      | Reached skill level 7 in Hexes
  4098 | D:5      | Reached skill level 1 in Transmutations
  4137 | D:5      | You fall into a shaft and drop 3 floors!
  4164 | D:7      | Noticed a wraith
  4187 | D:7      | Killed a wraith
  4188 | D:7      | Reached skill level 1 in Conjurations
  4188 | D:7      | Reached XP level 8. HP: 37/37 MP: 13/17
  4317 | D:7      | Found a shadowy altar of Dithmenos.
  4538 | D:7      | HP: 1/36 [wight/+0 dagger (1)]
  4539 | D:7      | Slain by an orc wizard

Illustrated notes

Levels and vault maps discovered:
D:1:      giann_horns, layout_basic, serial_shops, nicolae_shop_rolled_up,
          nicolae_shop_advertising_works [nicolae_subvault_shop_adworks],
          minmay_misc_feat_encased, nicolae_concentric_dashed_squares_wild
D:2:      layout_rooms
D:3:      layout_loops_ring, chequers_ecumenical_altar_island, serial_shops,
          nicolae_shop_window_shopping, shop, nicolae_shop_stone, shop,
          pf_guarded_unrand_woodcutter, uniq_natasha, uniq_terence
D:4:      layout_rooms, serial_forest, infiniplex_forest_zigzag_2,
          infiniplex_forest_side_room, infiniplex_forest_lined_2,
          infiniplex_forest_end_2, infiniplex_forest_clump_double,
          infiniplex_forest_clump_cross, infiniplex_forest_straight_4,
          serial_shops, shop, minmay_misc_feat_nine_boxes,
          uniq_crazy_yiuf_cottage
D:5:      layout_cave_pools, mainiacjoe_overflow_catwalk,
          gammafunk_temple_overflow_pools, temple_statues, portal_sewer_entry_d,
          serial_shops, shop
D:7:      layout_basic, grunt_dithmenos_smoke_and_mirrors, kennysheep_nub,
          uniq_maggie
D:8:      layout_cave_pods

Skill      XL: |  1  2  3  4  5  6  7  8 |
---------------+-------------------------+-----
Spellcasting   | 1 2 3 4 5 6 |  6.3
Hexes          | 1 2 3 4 6 7 |  7.7
Summonings     | 1 2 |  2.0
Transmutations | 3 4 |  4.8
Conjurations   | 1 |  1.8
Fighting       | |  0.7
Dodging        | |  3.2
Stealth        | |  1.5
Evocations     | |  4.5

Action                     |  1- 3 |  4- 6 |  7- 9 || total
---------------------------+-------+-------+-------++-------
  Melee: Club              |    27 |       |       ||    27
         Whip              |    84 |   192 |       ||   276
         Punch             |     1 |     2 |     2 ||     5
         Hand axe          |       |    23 |   106 ||   129
   Cast: Summon Guardian G |     1 |    15 |    13 ||    29
  Evoke: Wand              |     3 |    11 |    14 ||    28
    Use: Scroll            |       |     3 |     1 ||     4
   Stab: Sleeping          |     7 |     3 |     2 ||    12
         Distracted        |     1 |       |       ||     1
 Armour: Robe              |     8 |    49 |    29 ||    86
  Dodge: Dodged            |   101 |   273 |    95 ||   469

Table legend: (Time is in decaauts)
 A = Elapsed time spent in this place.
 B = Non-inter-level travel time spent in this place.
 C = Inter-level travel time spent in this place.
 D = Time resting spent in this place.
 E = Time spent auto-exploring this place.
 F = Levels seen in this place.
 G = Mean time per level.
                   A        B        C        D        E       F      G
               +--------+--------+--------+--------+--------+-----+--------+
         Total |   3408 |   3350 |     58 |    122 |   1591 |   7 |  486.9 |
       Dungeon |   3408 |   3350 |     58 |    122 |   1591 |   7 |  486.9 |
               +--------+--------+--------+--------+--------+-----+--------+

Top non-repeatable levels by time:
     D:3: 829 daAuts
     D:1: 775 daAuts
     D:4: 630 daAuts
     D:2: 604 daAuts
     D:7: 291 daAuts
     D:5: 269 daAuts
     D:8: 6 daAuts
